Unix NetHack Version 5.0.0-0 post-release - last build Jun 10 2026 00:39:30 (3ee93aec679c4c4259841fe613dc97188e26a321,branch:main).

Game began 2026-06-21 09:36:15, ended 2026-06-21 10:16:23.

Booker, lawful male human Knight

                                                                   ---
     -----------------                                         -----.---
     |..........)..%.-----                                     |..|....|  ---
    --....------%........-----                                --.......|---.--
    |.....|    --..<....^.|..---###-                         --........||....|
    |.|..--     --.................###-                      |........---....--
   --.|---      --.%...........##..| ..--                 ---|.....*.^........|
   |..--        |.....--.|....-# ---  ..|      ---       --.--...............--
   |...|        |.....||.|....|---    -.--   ---.--      |............-----.--
   --.--        --....--......--.--#- |..----|....----- --a......--..--   ---
    ---         --..>...............---..(..--....0--.--|...------|..|
                |......................................|--..|     --.|
                |......................................---.-|    --|.--
                --..--..............---.....................|  ---.|..|
                 --------..........---....^%...........---.--  |......--
                        ----.......)...----------......- ---   |....)..|
                  ----     --.......---|        |.......|      |.......--
                 --..|      |..0.......|        ----...--      --.......|
                 |...-----------...-...|           |..--        --.....--
                 |.........)..)...%...--           |..|          --..---
                 ----------------------            ----           ----
Booker the Bachelor      St:25 Dx:10 Co:13 In:7 Wi:15 Ch:17  Lawful S:3345
Dlvl:7  $:0  HP:0(46) Pw:58(58) AC:2  Xp:7/746 T:2596 

Latest messages:
 The tengu vanishes and reappears close by.
 You kill the gnome!
 You try to feel what is lying here on the floor.
 The tengu vanishes and reappears close by.
 The tengu vanishes and reappears farther away.
 The tengu vanishes and reappears close by.
 You can see again.
 You swap places with the peaceful tengu.
 The tengu vanishes!
 You see here a pick-axe.
 The tengu vanishes and reappears closer to you.
 With great effort you move the boulder.
 The tengu vanishes!
 The tengu appears close by!
 o - a tripe ration (2 in total).
 You can hear again.
 You are beginning to feel hungry.
 What do you want to eat? [hkoY or ?*]
 Blecch!  Rotten food!
 You feel rather light headed.
 You finish eating the food ration.
 A board beneath you squeaks a G note loudly.
 You feel less confused now.
 You see here a violet gem.
 r - a violet gem.
 You see here a green gem.
 s - a green gem.
 The tengu appears close by!
 #
 #
 Showing known terrain only...
 (For instructions type a '?')
 An arrow shoots out at you!
 You are almost hit by an arrow.
 The tengu vanishes!
 The tengu appears close by!
 The tengu vanishes!
 The fire ant bites!
 The fire ant bites again!
 You're on fire!
 Your lamp catches light!
 You miss the fire ant.
 The fire ant bites!
 The fire ant misses!
 You hit the fire ant!
 The fire ant bites!
 The fire ant bites again!
 You're on fire!
 The fire ant bites!
 You die...

Inventory:
 Weapons  (')')
  L - 15 uncursed +0 arrows (in quiver)
  b - 9 blessed +1 silver arrows
  G - an uncursed +0 bow
  a - an uncursed +1 long sword (weapon in right hand)
 Armor    ('[')
  d - an uncursed +0 helmet (being worn)
  q - a blessed +0 pair of gauntlets of power (being worn)
  p - an uncursed burnt +0 pair of jumping boots (being worn)
  e - an uncursed +0 small shield (being worn)
  n - an uncursed +0 cloak of invisibility (being worn)
  c - an uncursed +1 ring mail (being worn)
 Comestibles  ('%')
  h - 8 uncursed carrots
  k - an uncursed food ration
  o - 2 uncursed tripe rations
 Potions  ('!')
  g - a blessed potion of full healing
  j - an uncursed potion of see invisible
 Wands    ('/')
  v - an uncursed wand of light (0:10)
  U - a cursed wand of striking (0:6)
 Tools    ('(')
  z - an uncursed bag of holding containing 21 items
  X - a blessed oil lamp (lit)
  D - an uncursed skeleton key
 Gems/Stones  ('*')
  s - an uncursed worthless piece of green glass
  f - 4 uncursed worthless pieces of red glass
  r - an uncursed worthless piece of violet glass
  m - an uncursed worthless piece of yellow glass
  i - 2 uncursed worthless pieces of yellowish brown glass

Contents of the bag of holding:
  21 gold pieces
  an uncursed +1 lance
  an uncursed +0 oilskin cloak
  14 uncursed apples
  an uncursed tripe ration
  an uncursed scroll of enchant weapon
  2 uncursed scrolls of identify
  an uncursed scroll of light
  an uncursed potion of confusion
  an uncursed potion of sickness
  an uncursed potion of water
  an uncursed ring of invisibility
  an uncursed +0 pick-axe
  an uncursed tin whistle
  an uncursed wax candle
  an uncursed amber stone
  an uncursed jet stone
  2 uncursed worthless pieces of blue glass
  2 uncursed worthless pieces of green glass
  an uncursed worthless piece of yellowish brown glass
  a cursed worthless piece of yellowish brown glass

Booker the Knight's attributes:

Background:
 You were a Bachelor, a level 7 male human Knight.
 You were lawful, on a mission for Lugh
 who was opposed by Brigit (neutral) and Manannan Mac Lir (chaotic).
 You were right-handed.
 You were in the Gnomish Mines, on level 7.
 You entered the dungeon 2596 turns ago.
 You had 746 experience points, 534 more were needed to attain level 8.
 Your score was 3345 before end-of-game adjustments.

Basics:
 You had 0 out of 46 hit points.
 You had all 58 energy points (spell power).
 Your armor class was 2.
 Your wallet was empty, but
 you had 21 zorkmids stashed away in your pack.
 Autopickup was on for '$%?!"=/' plus thrown, with exceptions.

Final Characteristics:
 Your strength was 25 (base:16, innate limit:18/100).
 Your dexterity was 10 (limit:18).
 Your constitution was 13 (limit:18).
 Your intelligence was 7 (limit:18).
 Your wisdom was 15 (limit:18).
 Your charisma was 17 (limit:18).

Final Status:
 You weren't hungry.
 You were unencumbered.
 You were wielding a long sword.
 You were skilled in long sword.

Final Attributes:
 You were piously aligned.
 You were telepathic.
 You were invisible.
 You could jump.
 You were warded.
 You were fast.
 You are dead.

Miscellaneous:
 You disabled loading and storing of bones levels.
 Total elapsed playing time was 40 minutes and 7 seconds.

Major events:
 Turn
    1: Booker the lawful male human Knight entered the dungeon
  922: entered the Gnomish Mines
  989: attained the rank of Esquire (level 3)
 1512: reached Mine Town
 1650: attained the rank of Bachelor (level 6)
 2596: killed by a fire ant

You didn't know any spells.

Skills:
 Fighting Skills
   bare handed combat [Unskilled]
   two weapon combat  [Unskilled]
   riding             [Basic]
 Weapon Skills
   dagger             [Unskilled]
   knife              [Unskilled]
   axe                [Unskilled]
   pick-axe           [Unskilled]
   short sword        [Unskilled]
   broadsword         [Unskilled]
   long sword         [Skilled]
   two-handed sword   [Unskilled]
   saber              [Unskilled]
   club               [Unskilled]
   mace               [Unskilled]
   morning star       [Unskilled]
   flail              [Unskilled]
   hammer             [Unskilled]
   polearms           [Unskilled]
   spear              [Unskilled]
   trident            [Unskilled]
   lance              [Basic]
   bow                [Unskilled]
   crossbow           [Unskilled]
 Spellcasting Skills
   attack spells      [Unskilled]
   healing spells     [Unskilled]
   clerical spells    [Unskilled]

Voluntary challenges:
 Character rerolling was not enabled.
 You never genocided any monsters.
 You never polymorphed an object.
 You never changed form.
 You used no wishes.
Achievements:
 You entered a shop.
 You entered the Gnomish Mines.
 You attained the rank of Esquire.
 You entered Minetown.
 You attained the rank of Bachelor.
 You entered a temple.

 The Dungeons of Doom: levels 1 to 2
    Level 1:
       A grave.
    Level 2:
       An armor shop, a fountain.
       Stairs down to The Gnomish Mines.
 The Gnomish Mines: levels 3 to 7
    Level 3:
    Level 4:
    Level 5:
       Many shops, a temple and an altar, some fountains.
    Level 6:
    Level 7: <- You were here.
       Final resting place for
          you, killed by a fire ant.


Vanquished creatures:
  a giant mimic
  a gnome ruler
 an owlbear
  a pony
  6 gnome leaders
  2 gnomish wizards
  a kobold mummy
  a giant ant
  2 floating eyes
  a dwarf
  5 monkeys
 an orc zombie
  9 manes
  a cave spider
 44 gnomes
  2 garter snakes
  a gecko
  3 jackals
  2 goblins
  2 sewer rats
  3 grid bugs
  a kobold zombie
  3 newts
94 creatures vanquished.

No species were genocided or became extinct.

Game over:
                       ----------
                      /          \
                     /    REST    \
                    /      IN      \
                   /     PEACE      \
                  /                  \
                  |      Booker      |
                  |      21 Au       |
                  | killed by a fire |
                  |       ant        |
                  |                  |
                  |                  |
                  |       2026       |
                 *|     *  *  *      | *
        _________)/\\_//(\/(/\)/\//\/|_)_______

Fare thee well Booker the Knight...

You died in The Gnomish Mines on dungeon level 7 with 3343 points,
and 21 pieces of gold, after 2596 moves.
You were level 7 with a maximum of 46 hit points when you died.

